 Dungeon Crawl Stone Soup version 0.30.1-4-g462c640d31 (webtiles) character file.

Game seed: 870995758653787163

66778 LynnLen the Unseen (level 14, -5/72 HPs)
             Began as a Spriggan Enchanter on Aug 26, 2023.
             Was a High Priest of Dithmenos.
             Killed by an exploding butterfly (6 damage)
             ... ignited by their inner flame
             ... on level 2 of the Orcish Mines.
             The game lasted 01:14:19 (23710 turns).

LynnLen the Unseen (Spriggan Enchanter)            Turns: 23710, Time: 01:14:20

Health: -5/72      AC: 13    Str:  4    XL:     14   Next: 80%
Magic:  30/30      EV: 30    Int: 26    God:    Dithmenos [*****.]
Gold:   1996       SH:  0    Dex: 17    Spells: 9/35 levels left

rFire   . . .        k - +1 dagger (elec)
rCold   . . .        (no shield)
rNeg    . . .        A - +3 steam dragon scales
rPois   .            l - +2 hat
rElec   +            p - +2 cloak {rCorr}
rCorr   +            (gloves unavailable)
SInv    +            (boots unavailable)
Will    ++...        j - amulet of the acrobat Stlth **++++++++
                     K - ring "Vaore" {rElec EV+5}
HPRegen 0.32/turn    y - +6 ring of intelligence
MPRegen 0.22/turn

%: acrobat
@: wreathed by umbra, very quick
A: very small, no large weapons, unfitting armour, see invisible, speed 3
a: Renounce Religion, Shadow Step, Shadow Form


You were on level 2 of the Orcish Mines.
You worshipped Dithmenos.
Dithmenos was extremely pleased with you.
You visited 5 branches of the dungeon, and saw 19 of its levels.
You also visited: Sewer, Ice Cave and Volcano.

You collected 2036 gold pieces.
You spent 40 gold pieces at shops.

Inventory:

Hand Weapons
 c - the +5 demon whip "Spellbinder" {antimagic, disrupt, Will+}
   (You found it on level 9 of the Dungeon)

   Will:      It increases your willpower.
 k - a +1 dagger of electrocution (weapon)
 G - a +4 dagger of freezing
Missiles
 F - 2 throwing nets
Armour
 l - a +2 hat (worn)
 p - a +2 cloak of preservation (worn)
 A - +3 steam dragon scales (worn)
 S - a +0 robe of resistance
Jewellery
 d - a ring of protection from cold
 f - a +5 ring of evasion
 j - an amulet of the acrobat (around neck)
 n - a ring of positive energy
 t - a ring of protection from fire
 y - a +6 ring of intelligence (right hand)
 B - a ring of willpower
 I - a ring of flight
 K - the ring "Vaore" (left hand) {rElec EV+5}
   (You found it in an ice cave)

   [ring of evasion]

   EV:        It affects your evasion (+5).
   rElec:     It insulates you from electricity.
 N - a ring of willpower
 R - a ring of protection from cold
Wands
 b - a wand of roots (10)
 v - a wand of flame (22)
 x - a wand of mindburst (21)
 C - a wand of charming (21)
Scrolls
 i - 2 scrolls of blinking
 u - 5 scrolls of amnesia
 H - 3 scrolls of fear
 J - a scroll of fog
 Q - 3 scrolls of teleportation
 T - 2 scrolls of identify
 W - a scroll of silence
Potions
 a - 3 potions of resistance
 e - 4 potions of attraction
 g - 2 potions of berserk rage
 h - 6 potions of brilliance
 m - 6 potions of haste
 o - 3 potions of magic
 r - 5 potions of might
 w - 2 potions of flight
 z - 5 potions of curing
 D - 2 potions of ambrosia
 E - a potion of cancellation
 M - 3 potions of lignification
 O - 2 potions of heal wounds
 P - a potion of mutation
Miscellaneous
 q - a condenser vane
 s - a lightning rod (4/4)


   Skills:
 + Level 7.4 Fighting
 - Level 10.0 Short Blades
 + Level 12.0 Dodging
 * Level 18.4 Stealth
 + Level 11.1 Spellcasting
 + Level 12.5 Hexes
 - Level 4.0 Ice Magic
 * Level 9.3 Invocations


You had 9 spell levels left.
You knew the following spells:

 Your Spells              Type           Power      Damage    Failure   Level
a - Ensorcelled Hibernat  Hex/Ice        100%       N/A       1%          2
b - Confusing Touch       Hex            68%        N/A       1%          3
c - Tukima's Dance        Hex            68%        N/A       1%          3
d - Cause Fear            Hex            34%        N/A       1%          4
e - Discord               Hex            34%        N/A       83%         8
f - Statue Form           Tmut/Erth      9%         N/A       99%         6

Your spell library contained the following spells:

 Spells                   Type           Power      Damage    Failure   Level
 Dazzling Flash           Conj/Hex       94%        N/A       1%          3
 Metabolic Englaciation   Hex/Ice        27%        N/A       3%          5
 Beastly Appendage        Tmut           28%        N/A       4%          1
 Kiss of Death            Conj/Necr      56%        2d9       4%          1
 Magic Dart               Conj           56%        1d5       4%          1
 Necrotise                Necr           56%        1d6       4%          1
 Sting                    Tmut/Pois      56%        1d5       4%          1
 Call Imp                 Summ           28%        N/A       6%          2
 Cigotuvi's Dreadful Rot  Necr/Pois/Air  28%        N/A       6%          2
 Poisonous Vapours        Pois/Air       28%        N/A       6%          2
 Scorch                   Fire           28%        2d6       6%          2
 Wereblood                Tmut           14%        N/A       6%          2
 Summon Mana Viper        Hex/Summ       47%        N/A       9%          5
 Ignite Poison            Fire/Tmut/Pois 14%        N/A       12%         3
 Mephitic Cloud           Conj/Pois/Air  14%        N/A       12%         3
 Spider Form              Tmut/Pois      14%        N/A       12%         3
 Vampiric Draining        Necr           14%        2d7       12%         3
 Summon Ice Beast         Ice/Summ       24%        N/A       19%         4
 Dispel Undead            Necr           14%        3d10      38%         4
 Flame Wave               Conj/Fire      14%        2d6       38%         4
 Olgreb's Toxic Radiance  Pois           14%        N/A       38%         4
 Petrify                  Tmut/Erth      14%        N/A       38%         4
 Freezing Cloud           Conj/Ice/Air   10%        6-21      54%         5
 Agony                    Necr           14%        N/A       75%         5
 Alistair's Intoxication  Tmut/Pois      9%         N/A       75%         5
 Borgnjor's Vile Clutch   Necr/Erth      7%         N/A       75%         5
 Eringya's Noxious Bog    Tmut/Pois      7%         N/A       99%         6
 Summon Cactus Giant      Summ           7%         N/A       99%         6
 Dragon Form              Tmut           7%         N/A       100%        7
 Monstrous Menagerie      Summ           7%         N/A       100%        7
 Ignition                 Fire           7%         3d4       100%        8
 Dragon's Call            Summ           7%         N/A       100%        9


Dungeon Overview and Level Annotations

Branches:
Dungeon (10/15)            Temple (1/1) D:5            Lair (5/5) D:10
 Shoals (0/4) Lair:3       Spider (0/4) Lair:2        Slime (1/5) Lair:4
    Orc (2/2) D:10            Elf (0/3) Orc:2         Sewer (visited)
  IceCv (visited)         Volcano (visited)

Altars:
Ashenzari
Cheibriados
Dithmenos
Elyvilon
Fedhas
Gozag
Hepliaklqana
Kikubaaqudgha
Makhleb
Nemelex Xobeh
Okawaru
Qazlal
Ru
Sif Muna
Trog
Uskayaw
Vehumet
Wu Jian
Xom
Yredelemnul
Zin
The Shining One

Shops:
D:6 ?   Orc:2 !

Annotations:
D:4 2 transporters, hawla's ghost, weakling MeFE
Lair:5 exclusion: 3 oklob plants


Innate Abilities, Weirdness & Mutations

You are very small and have problems with some larger weapons.
You are too small for most types of armour.
You have supernaturally acute eyesight. (SInv)
You cover ground extremely quickly. (Speed+++)


Message History

The fiery explosion engulfs your butterfly!
Your butterfly disappears in a burst of colours!
Your butterfly explodes!
The fiery explosion engulfs you!
The fiery explosion engulfs your butterfly!!
Your butterfly disappears in a burst of colours!
Your butterfly explodes!
The fiery explosion engulfs your butterfly!!
Your butterfly disappears in a burst of colours!
The fiery explosion engulfs your butterfly!!
Your butterfly disappears in a burst of colours!
The fiery explosion engulfs you!!
* * * LOW HITPOINT WARNING * * *
The fiery explosion engulfs your butterfly!!!
Your butterfly disappears in a burst of colours!
Your butterfly explodes! x2
The fiery explosion engulfs your butterfly!!
Your butterfly disappears in a burst of colours!
Your butterfly explodes!
The fiery explosion engulfs your butterfly!
Your butterfly disappears in a burst of colours!
The fiery explosion engulfs your butterfly!!
Your butterfly disappears in a burst of colours!
The fiery explosion engulfs your butterfly!!
Your butterfly disappears in a burst of colours!
Your butterfly explodes! x2
The fiery explosion engulfs the orc!!
Dithmenos accepts your kill.
The orc explodes!
Your butterfly explodes!
The fiery explosion engulfs your butterfly!!
Your butterfly disappears in a burst of colours!
Your butterfly explodes!
The fiery explosion engulfs your butterfly!
Your butterfly disappears in a burst of colours!
Your butterfly explodes!
The fiery explosion engulfs your butterfly!!
Your butterfly disappears in a burst of colours!
Your butterfly explodes! x8
The fiery explosion engulfs you.
You die...

............∩.........#.###......
........#.........#...........#..
................b................
..............)............#.....
...........c.#§§§.§.........o....
..#...........§§§§§§.............
###........§§§§§§§§§§.......>....
.#.........§§§§§§§§§§............
..........o§§§§§@§§§§......^.....
...........§§§§§§§§§§.......#....
..#........§§§§§§§§§§...........<
.#.........§)§§§§§§§§............
...........§§§§§§§§§§............
..........).§§§§§§§§.........#..
..........o..o.c§§.c......#.....
...###...##..##..##........#...#
.≈≈# ≈≈..........##...)#.## .#.


You could see a centaur warrior (inner flame), 3 orc warriors and 2 centaurs.

Vanquished Creatures
  Gastronok (D:10)
  A fire dragon (Volcano)
  Josephine (D:10)
  4 hydras (Lair:5)
  A catoblepas (Lair:5)
  A deep troll shaman (Lair:5)
  A two-headed ogre (D:10)
  3 centaur warriors
  Erica (Lair:2)
  5 death yaks (Lair:5)
  A hell hog (Volcano)
  Urug (D:10)
  2 bog bodies (IceCv)
  Pikel (D:6)
  A wizard (D:9)
  2 necromancers (Orc:1)
  A harpy (shapeshifter) (D:9)
  An oklob plant (D:10)
  3 ugly things (D:9)
  A manticore (D:9)
  5 black mambas
  3 cane toads
  13 elephants
  3 rime drakes
  An unseen horror (D:10)
  2 komodo dragons
  A troll (Orc:1)
  2 polar bears
  Prince Ribbit (D:6)
  A hornet (D:10)
  Grinder (D:5)
  19 blink frogs
  A shadow (D:9)
  5 wraiths
  9 wyverns
  4 basilisks
  19 yaks
  5 dire elephant simulacra (IceCv)
  11 fire bats
  2 wargs (Orc:1)
  5 steam dragons
  2 orc skeletons (Orc:1)
  Edmund (D:5)
  A hydra simulacrum (IceCv)
  A floating eye (Lair:5)
  3 hell hounds (Volcano)
  10 water moccasins
  2 acid dragons (D:9)
  5 orc warriors
  2 ice beasts
  3 black bears
  28 wolves
  8 centaurs
  4 kobold brigands
  A phantom (D:5)
  Blork the orc (D:6)
  9 bullfrogs
  2 scorpions
  6 two-headed ogre simulacra (IceCv)
  A cane toad simulacrum (IceCv)
  4 wights (D:6)
  A warg skeleton (Orc:1)
  3 elephant simulacra (IceCv)
  A warg zombie (Orc:1)
  A killer bee (D:9)
  4 electric eels
  5 howler monkeys
  6 jellies
  8 orc priests
  Crazy Yiuf (D:2)
  2 hounds
  4 sleepcaps
  2 iguanas
  13 orc wizards
  A warg simulacrum (Orc:1)
  Ijyb (D:5)
  Natasha (twice) (D:2)
  5 hell rats (Lair:2)
  8 spriggan simulacra (IceCv)
  9 troll simulacra (IceCv)
  4 wolf simulacra (IceCv)
  An ogre skeleton (Orc:1)
  7 gnolls
  3 naga simulacra (IceCv)
  An orc zombie (Orc:1)
  3 adders
  3 river rats (Sewer)
  A shadow imp (D:6)
  14 white imps
  8 ufetubi (IceCv)
  An orc simulacrum (Orc:1)
  3 worms
  3 dart slugs
  37 orcs
  6 ball pythons
  13 endoplasms
  10 giant cockroaches
  6 hobgoblins
  2 jackals (D:3)
  7 quokkas
  3 bats
  4 frilled lizards
  8 goblins
  15 kobolds
  10 rats
490 creatures vanquished.

Vanquished Creatures (collateral kills)
  2 orc warriors
  An ogre (Orc:1)
  A wight (D:6)
  An orc wizard (Orc:1)
  A gnoll (Orc:1)
  2 orcs (Orc:1)
8 creatures vanquished.

Vanquished Creatures (others)
  A wizard (D:8)
  4 dancing weapons
5 creatures vanquished.

Grand Total: 503 creatures vanquished

Notes
Turn   | Place    | Note
-------+----------+-------------------------------------------
     0 | D:1      | LynnLen the Spriggan Enchanter began the quest for the Orb.
     0 | D:1      | Reached XP level 1. HP: 9/9 MP: 5/5
   211 | D:1      | Reached XP level 2. HP: 12/13 MP: 6/6
   221 | D:1      | Learned a level 2 spell: Ensorcelled Hibernation
  1004 | D:2      | Noticed Natasha
  1007 | D:2      | Reached XP level 3. HP: 16/16 MP: 8/8
  1013 | D:2      | Killed Natasha
  1114 | D:2      | Found a faded altar of an unknown god.
  1214 | D:2      | Reached XP level 4. HP: 18/21 MP: 6/9
  1439 | D:2      | Noticed Natasha
  1452 | D:2      | Killed Natasha
  1767 | D:2      | Identified the +8 spear of Widghy {vamp, Will+}
  1813 | D:2      | Found a runed translucent door.
  1814 | D:2      | Noticed Crazy Yiuf
  1826 | D:2      | Killed Crazy Yiuf
  1827 | D:2      | Reached skill level 5 in Stealth
  2243 | D:3      | Reached skill level 1 in Fighting
  2243 | D:3      | Reached XP level 5. HP: 19/25 MP: 9/11
  2381 | D:3      | Reached skill level 1 in Ice Magic
  2476 | D:2      | Learned a level 3 spell: Confusing Touch
  2480 | D:2      | Learned a level 3 spell: Tukima's Dance
  3187 | D:3      | Found a stormy altar of Qazlal.
  3187 | D:3      | Found an iron altar of Okawaru.
  3414 | D:4      | Found a transporter.
  3430 | D:4      | Found a transporter.
  3430 | D:4      | Noticed hawla's ghost (weakling MeFE)
  3562 | D:4      | Found a glowing drain.
  3573 | D:4      | Reached skill level 5 in Hexes
  3573 | D:4      | Reached XP level 6. HP: 30/30 MP: 12/12
  3618 | Sewer    | Entered a sewer
  3993 | Sewer    | Found a viscous altar of Jiyva.
  4250 | D:4      | You fall into a shaft and drop 3 floors!
  4531 | D:7      | Reached XP level 7. HP: 34/34 MP: 14/14
  4662 | D:7      | Reached skill level 6 in Stealth
  4680 | D:6      | Noticed Prince Ribbit
  4701 | D:6      | Noticed Pikel
  4838 | D:6      | Noticed a steam dragon
  4844 | D:6      | Killed a steam dragon
  4868 | D:6      | Reached XP level 8. HP: 39/39 MP: 3/15
  5129 | D:5      | Entered Level 5 of the Dungeon
  5129 | D:5      | Noticed Edmund
  5135 | D:6      | Reached skill level 5 in Short Blades
  5199 | D:5      | Killed Edmund
  5200 | D:5      | Reached skill level 5 in Dodging
  5241 | D:5      | Noticed Ijyb
  5265 | D:5      | Killed Ijyb
  5340 | D:5      | Noticed Grinder
  5483 | D:5      | Reached skill level 7 in Stealth
  5483 | D:5      | Reached skill level 5 in Spellcasting
  5992 | D:5      | Killed Grinder
  6064 | D:5      | Found a staircase to the Ecumenical Temple.
  6070 | Temple   | Entered the Ecumenical Temple
  6201 | D:6      | Killed Prince Ribbit
  6202 | D:6      | Reached XP level 9. HP: 44/44 MP: 14/18
  6535 | D:6      | Killed Pikel
  6634 | D:6      | Found Veashyaw's Magic Scroll Shoppe.
  6652 | D:6      | Reached skill level 8 in Stealth
  6696 | D:6      | Noticed Blork the orc
  6707 | D:6      | Killed Blork the orc
  6719 | D:6      | Bought a scroll of identify for 20 gold pieces
  6719 | D:6      | Bought a scroll of identify for 20 gold pieces
  7515 | D:7      | Found a hazy altar of Hepliaklqana.
  7883 | D:8      | Reached skill level 9 in Stealth
  8324 | D:8      | Found a bloodstained altar of Trog.
  8331 | D:8      | Noticed a wizard
  8337 | D:8      | Killed a wizard
  8703 | D:9      | Noticed a purple ugly thing
  8718 | D:9      | Killed a purple ugly thing
  8719 | D:9      | Reached XP level 10. HP: 49/49 MP: 17/20
  8795 | D:9      | Reached skill level 10 in Stealth
  9316 | D:9      | Reached skill level 11 in Stealth
  9820 | D:9      | Found a shadowy altar of Dithmenos.
  9846 | D:9      | Became a worshipper of Dithmenos the Shadowed
 10033 | D:9      | Found a radiant altar of Vehumet.
 10037 | D:9      | Found an ancient bone altar of Kikubaaqudgha.
 10038 | D:9      | Found a shimmering blue altar of Sif Muna.
 10044 | D:9      | Got Kikubaaqudgha's Directory of Lamentation
 10248 | D:9      | Noticed a centaur warrior
 10248 | D:9      | Noticed a green ugly thing
 10249 | D:9      | Noticed a cyan ugly thing
 10249 | D:9      | Noticed a centaur warrior
 10249 | D:9      | a culicivora changed into a harpy
 10249 | D:9      | Noticed a harpy (shapeshifter)
 10250 | D:9      | Noticed a manticore
 10250 | D:9      | Noticed a wizard
 10250 | D:9      | Found the +5 demon whip "Spellbinder" {antimagic, disrupt,
                  | Will+}
 10253 | D:9      | Killed a harpy
 10266 | D:9      | Killed a centaur warrior
 10267 | D:9      | Reached skill level 12 in Stealth
 10267 | D:9      | Reached XP level 11. HP: 32/54 MP: 14/23
 10271 | D:9      | Killed a centaur warrior
 10537 | D:9      | Killed a brown ugly thing
 10542 | D:9      | Killed a cyan ugly thing
 10543 | D:9      | Reached skill level 5 in Fighting
 10639 | D:9      | Killed a wizard
 10701 | D:9      | Got Bergh's Compendium of Degeneration
 10729 | D:9      | Learned a level 4 spell: Cause Fear
 10849 | D:10     | Entered Level 10 of the Dungeon
 10851 | D:10     | Reached skill level 10 in Short Blades
 10930 | D:10     | Noticed a two-headed ogre
 10942 | D:10     | Killed a two-headed ogre
 10943 | D:10     | Reached skill level 13 in Stealth
 10943 | D:10     | Reached skill level 1 in Invocations
 11164 | D:10     | Noticed Gastronok
 11184 | D:10     | Killed Gastronok
 11396 | D:10     | Noticed Urug
 11402 | D:10     | Killed Urug
 11495 | D:10     | Noticed an oklob plant
 11497 | D:10     | Found a staircase to the Lair.
 11520 | D:10     | Noticed Josephine
 11731 | D:10     | Found a burning altar of Makhleb.
 11734 | D:10     | Found a blossoming altar of Fedhas.
 11772 | D:10     | Found a staircase to the Orcish Mines.
 11949 | D:10     | Killed an oklob plant
 11950 | D:10     | Reached skill level 14 in Stealth
 12048 | D:10     | Killed Josephine
 12115 | Lair:1   | Entered Level 1 of the Lair of Beasts
 12205 | Lair:1   | Reached XP level 12. HP: 60/60 MP: 19/25
 12242 | Lair:1   | Reached * piety under Dithmenos
 12321 | Lair:1   | Found a dark tunnel.
 12342 | Lair:1   | Reached skill level 10 in Dodging
 12349 | Volcano  | Entered a volcano
 12360 | Volcano  | Noticed a hell hog
 12362 | Volcano  | Reached skill level 5 in Invocations
 12383 | Volcano  | Noticed a fire dragon
 12388 | Volcano  | Reached skill level 15 in Stealth
 12394 | Volcano  | Killed a fire dragon
 12480 | Volcano  | Killed a hell hog
 12575 | Lair:1   | Reached ** piety under Dithmenos
 12692 | Lair:1   | Found a frozen archway.
 12715 | IceCv    | Entered an ice cave
 14089 | IceCv    | Reached *** piety under Dithmenos
 14656 | IceCv    | Learned a level 8 spell: Discord
 14818 | IceCv    | Reached skill level 16 in Stealth
 14923 | IceCv    | Identified the ring "Vaore" {rElec EV+5}
 14999 | Lair:1   | Reached XP level 13. HP: 65/65 MP: 27/27
 15190 | Lair:1   | Reached skill level 10 in Spellcasting
 15698 | Lair:2   | Noticed Erica
 15928 | Lair:2   | Killed Erica
 16036 | Lair:2   | Reached **** piety under Dithmenos
 16146 | Lair:2   | Found a hole to the Spider Nest.
 16915 | Lair:3   | Reached XP level 14. HP: 61/70 MP: 10/29
 18117 | Lair:3   | Reached skill level 17 in Stealth
 18203 | Lair:3   | Found a staircase to the Shoals.
 18642 | Lair:4   | Found a staircase to the Slime Pits.
 19671 | Slime:1  | Entered Level 1 of the Pits of Slime
 19698 | Lair:5   | Entered Level 5 of the Lair of Beasts
 19996 | Lair:5   | Found the +5 glaive of the Guard {elec, spectral, AC+5}
 20579 | Lair:5   | Reached ***** piety under Dithmenos
 21771 | Lair:5   | Reached skill level 18 in Stealth
 22265 | Orc:1    | Entered Level 1 of the Orcish Mines
 22611 | Orc:1    | Found a shimmering altar of Xom.
 23171 | Orc:2    | Entered Level 2 of the Orcish Mines
 23173 | Orc:2    | Found Ziuseph's Distillery.
 23210 | Orc:2    | Found a staircase to the Elven Halls.
 23441 | Orc:1    | Learned a level 6 spell: Statue Form
 23710 | Orc:2    | HP: 1/72 [spore (25)]
 23710 | Orc:2    | Killed by an exploding butterfly... ignited by their inner
                  | flame

Illustrated notes

Levels and vault maps discovered:
D:1:      mrwooster_arrival_arrow, layout_basic
D:2:      layout_loops_corners, hellmonk_ecumenical_altar_pennies_from_heaven,
          roderic_serpentine_path, kennysheep_doodads, uniq_crazy_yiuf_cottage,
          uniq_natasha
D:3:      layout_rooms, amethyst_overflow_temple_binary, grunt_decor_arrowhead,
          chequers_serial_rivers_large_a, serial_bayou_pond_a,
          hangedman_decor_opposing
D:4:      layout_rooms, gup_sewer_entry_pipe, gammafunk_ghost_arena, minivault_1
D:5:      layout_rooms, minmay_temple_entry_proselytizer, uniq_edmund,
          uniq_ijyb, uniq_grinder
D:6:      layout_rooms, serial_shops, shop, grunt_decor_clamped,
          lexackson_kobold_supper, uniq_prince_ribbit1, uniq_pikel,
          uniq_blork_the_orc
D:7:      layout_loops_cross, overflow_temple_1_default
D:8:      layout_cave_pools, trog_wizard, serial_bayou, serial_bayou_pond_c,
          serial_bayou_shore_a, serial_bayou_ford_a, serial_bayou_crossing
D:9:      minmay_the_grid_triangle_9x9_rhombus_full
          [minmay_the_grid_triangle_9x9_descending_squares,
          minmay_the_grid_triangle_9x9_flanged_cone,
          minmay_the_grid_triangle_9x9_from_above,
          minmay_the_grid_triangle_9x9_longest,
          minmay_the_grid_triangle_9x9_sprig,
          minmay_the_grid_triangle_9x9_stretched_checkered,
          minmay_the_grid_triangle_9x9_steps,
          minmay_the_grid_triangle_9x9_prize_center], layout_basic,
          grunt_temple_overflow_magic_moments, grunt_dithmenos_shadows
D:10:     layout_rooms, nicolae_overflow_hidden_temple, dpeg_oklobed_lair,
          orc_0_dummy, uniq_urug, uniq_josephine, uniq_gastronok
Temple:   hellmonk_temple_two_chambers
Lair:1:   layout_roguey, nicolae_volcano_entry_batcave,
          portal_ice_cave_entry_imps
Lair:2:   layout_roguey, spider_nest_entry_a, infiniplex_staircase_pool_2,
          lemuel_fruit_tree, uniq_erica
Lair:3:   layout_regular_city, shoals_dummy_entry, grunt_megastairs_2
Lair:4:   layout_cave_pods, slime_entry_1, minivault_24, grunt_megastairs_5
Lair:5:   grunt_lair_end_beastmaster, layout_regular_city, disabler_island,
          infiniplex_staircase_pool
Slime:1:  layout_caves
Orc:1:    dreamdust_under_siege, layout_diamond_mine, basic_altar
Orc:2:    st_orc_rangers, layout_caves, serial_shops, shop, nicolae_shop_gadgets

Skill      XL: |  1  2  3  4  5  6  7  8  9 10 11 12 13 14 |
---------------+-------------------------------------------+-----
Hexes          | 4 5 6 7 8 11 12 | 12.5
Dodging        | 3 4 5 6 8 9 10 11 12 | 12.0
Short Blades   | 2 3 4 6 7 9 10 | 10.0
Spellcasting   | 3 4 5 6 7 8 9 10 11 | 11.1
Stealth        | 5 6 7 9 12 14 16 18 | 18.4
Fighting       | 1 2 3 4 5 6 7 |  7.4
Ice Magic      | 1 2 3 4 |  4.0
Invocations    | 4 6 7 9 |  9.3

Action                     |  1- 3 |  4- 6 |  7- 9 | 10-12 | 13-15 || total
---------------------------+-------+-------+-------+-------+-------++-------
  Melee: Dagger            |    76 |   214 |   453 |   576 |   420 ||  1739
         Punch             |       |     2 |    11 |     2 |     7 ||    22
   Cast: Ensorcelled Hiber |     3 |    21 |    31 |    52 |   148 ||   255
         Confusing Touch   |       |       |    12 |    70 |    25 ||   107
         Tukima's Dance    |       |       |     3 |     5 |     9 ||    17
    Use: Scroll            |     1 |     8 |    11 |     9 |     8 ||    37
         Potion            |       |     3 |       |     5 |     2 ||    10
   Stab: Sleeping          |    12 |    22 |    26 |    70 |   112 ||   242
         Confused          |       |       |    11 |    57 |    22 ||    90
         Distracted        |       |       |       |     3 |     2 ||     5
         Invisible         |       |       |       |     1 |     1 ||     2
 Armour: Robe              |     9 |    11 |     3 |       |       ||    23
         Steam dragon scal |       |       |    15 |    35 |    62 ||   112
  Dodge: Dodged            |    50 |   163 |   166 |   390 |   446 ||  1215
